[Event "*** Titled Tuesday Blitz"]
[Site "Chess.com"]
[Date "2021.02.02"]
[Round "7"]
[White "CM_rui"]
[Black "Brave_spirit12"]
[Result "1-0"]
[WhiteElo "2374"]
[BlackElo "2492"]
[TimeControl "180+1"]
[EndTime "11:19:55 PST"]
[Termination "CM_rui won by checkmate"]

1. e4 e6 2. d4 d5 3. Nc3 Nf6 4. e5 Nfd7 5. Nf3 c5 6. Ne2 Nc6 7. c3 f6 8. exf6 Qxf6 9. Be3 Bd6 10. Qd2 O-O 11. O-O-O cxd4 12. Nexd4 e5 13. Nb5 d4 14. Nxd6 Qxd6 15. Bc4+ Kh8 16. cxd4 exd4 17. Nxd4 Nde5 18. Bb3 Bg4 19. f3 Bh5 20. Kb1 Bg6+ 21. Ka1 a5 22. Qc3 a4 23. Bc2 Bxc2 24. Nxc2 Qg6 25. Rd2 Rac8 26. Rhd1 b5 27. Nb4 Nxb4 28. Qxb4 Nc4 29. Rd3 a3 30. Bd4 axb2+ 31. Bxb2 Qxg2 32. Qc3 b4 33. Qd4 Nxb2 34. Qxb2 Rc2 35. Qb3 h6 36. Kb1 Re2 37.
Qxb4 Qg6 38. Qxf8+ Kh7 39. Qa3 Qb6+ 40. Qb3 Qg6 41.
Ka1 Rxh2 42. Qc3 Qb6 43. Rd6 Qa7 44. Qd3+ Kg8 45. Rd8+ Kf7 46. Rd7+ Kf6 47. Rxa7 g5 48. Qd6+ Kf5 49. Qxh2 g4 50. Ra5+ Kf6 51. Qxh6+ Ke7 52. Ra7+ Ke8 53. Qh8# 1-0

[Event "*** Titled Tuesday Blitz"]
[Site "Chess.com"]
[Date "2021.02.02"]
[Round "7"]
[White "DenisQ"]
[Black "RaneshRatnesan"]
[Result "1-0"]
[WhiteElo "2643"]
[BlackElo "2193"]
[TimeControl "180+1"]
[EndTime "11:19:56 PST"]
[Termination "DenisQ won by resignation"]

1. Nf3 Nf6 2. c4 g6 3. Nc3 Bg7 4. g3 O-O 5. Bg2 d6 6. O-O c6 7. e4 Qb6 8. d3 e5 9. Rb1 Qc7 10. h3 a5 11. Re1 Na6 12. a3 h6 13. Be3 Be6 14. b4 d5 15. exd5 cxd5 16. Nb5 Qb8 17. c5 d4 18. Bd2 Ne8 19. bxa5 Bd5 20. Qc2 f6 21. Nxe5 Bxg2 22. Nxg6 Bxh3 23. Nxf8 Bxf8 24.
Qc4+ Kh8 25. Nxd4 Nxc5 26. Bb4 Qc7 27. Rbc1 Rc8 28. Kh2 Bg4 29. Bxc5 Bxc5 30. Qxc5 Qxc5 31. Rxc5 Rxc5 32. Rxe8+ Kg7 33. f3 Rd5 34. Re4 Bd7 35. Kg2 f5 36. Rf4 Rxa5 37. Kf2 Rxa3 38. Nxf5+ Bxf5 39. Rxf5 Rxd3 40. Rb5 Rd7 41. g4 Rc7 42. Rb6 Rd7 43.
Kg3 Rf7 44. f4 Rc7 45. Kh4 Rd7 46. Kh5 Rd1 47. Rxb7+ Kg8 48. Kxh6 Rd6+ 49. Kg5 Rd5+ 50. f5 Rd6 1-0

[Event "*** Titled Tuesday Blitz"]
[Site "Chess.com"]
[Date "2021.02.02"]
[Round "7"]
[White "Kovalchuk94"]
[Black "Boninknights"]
[Result "1/2-1/2"]
[WhiteElo "2637"]
[BlackElo "2482"]
[TimeControl "180+1"]
[EndTime "11:19:57 PST"]
[Termination "Game drawn by agreement"]

1. e4 c5 2. Nf3 Nc6 3. d4 cxd4 4. Nxd4 e5 5. Nb5 d6 6. N1c3 a6 7. Na3 Be6 8. Nc4 Rc8 9. Ne3 Nd4 10. Ncd5 Bxd5 11. exd5 Ne7 12. Bd3 g6 13. c3 Ndf5 14.
Nxf5 Nxf5 15. Qf3 Qd7 16. O-O Bg7 17. Qh3 Ne7 18. Qxd7+ Kxd7 19. c4 f5 20. f3 e4 21.
fxe4 fxe4 22. Bxe4 Rxc4 23. Bf3 Bd4+ 24. Kh1 Nf5 25.
Bg4 Rf8 26. Bh6 Rf7 27. Rab1 Kc7 28. Bd2 Kb8 29. Bxf5 Rxf5 30. Rxf5 gxf5 31. Rc1 Rc5 32. Rxc5 dxc5 33. b3 b5 34. g3 Kc7 35. Bf4+ Kd7 36. Kg2 c4 37. bxc4 bxc4 38. Kf3 Bc5 39. Ke2 Bd6 40.
Be3 Be5 41. Bc5 h5 42. Kf3 c3 43. Ba3 h4 44. gxh4 Bxh2 45. h5 Be5 46. h6 Ke8 47. h7 Kf7 48. d6 Kg7 49. d7 Bf6 50. Kf4 Kxh7 51. Kxf5 Bd8 52. Ke6 c2 53. Kd5 Kg6 54. Kc4 Kf5 55. Kd3 Ke6 56. Kxc2 Kxd7 57. Kb3 Kc6 1/2-1/2

[Event "*** Titled Tuesday Blitz"]
[Site "Chess.com"]
[Date "2021.02.02"]
[Round "7"]
[White "Katheksis"]
[Black "GregShahade"]
[Result "1/2-1/2"]
[WhiteElo "2504"]
[BlackElo "2659"]
[TimeControl "180+1"]
[EndTime "11:19:58 PST"]
[Termination "Game drawn by repetition"]

1. d4 Nf6 2. Bf4 g6 3. Nc3 d5 4. e3 Bg7 5. Be2 c6 6. h4 h5 7. Nf3 Nbd7 8. Qd2 a5 9. Ne5 Nxe5 10. Bxe5 Kf8 11. O-O-O b5 12. f3 Nd7 13. Bxg7+ Kxg7 14. Bd3 Nb6 15. e4 b4 16. Ne2 dxe4 17. Bxe4 Nd5 18. Kb1 Qd6 19. g4 Be6 20. Rdg1 hxg4 21. h5 f5 22. Qg5 Rh6 23. Bxd5 Bxd5 24. Nf4 Bxf3 25. Nxg6 Qf6 26. Qf4 Bxh1 27. Rxh1 Qxg6 28. b3 Rxh5 29. Re1 Qf6 30. Qc7 Re8 31. d5 Kf8 32. dxc6 Rh6 33. Qd7 Rh5 34. c7 Qc3 35.
Rd1 Rh2 36. Qxf5+ Qf6 37. c8=Q Rxc8 38. Qxc8+ Kf7 39. Qc4+ Kg7 40. Qxg4+ Qg6 41. Qd4+ Kh7 42. Qc5 Rh5 43. Qxe7+ Qg7 44. Qe4+ Qg6 45. Rd7+ Kh6 46. Qe3+ Rg5 47. Rd5 Kh5 48. Qxg5+ Qxg5 49. Rxg5+ Kxg5 50. c3 Kf4 51. c4 Ke4 52. Kc2 Kd4 53. Kd2 Ke4 54.
Ke2 Kd4 55. Kd2 Ke4 56. Ke1 Kd4 57. Kd2 1/2-1/2

[Event "*** Titled Tuesday Blitz"]
[Site "Chess.com"]
[Date "2021.02.02"]
[Round "7"]
[White "KruHor"]
[Black "Kotofeyca"]
[Result "1/2-1/2"]
[WhiteElo "2565"]
[BlackElo "2404"]
[TimeControl "180+1"]
[EndTime "11:19:58 PST"]
[Termination "Game drawn by repetition"]

1. e4 c5 2. Nf3 d6 3. Bc4 Nf6 4.
d3 a6 5. O-O b5 6. Bb3 e6 7. a4 Bb7 8. Nc3 b4 9. Ne2 Be7 10. Ng3 Nc6 11. d4 cxd4 12. Nxd4 Nxd4 13. Qxd4 a5 14. Rd1 h5 15. Bf4 h4 16. Nf1 e5 17. Bxe5 O-O 18. Bxd6 Bxd6 19. Qxd6 Nxe4 20. Qe5 Qb6 21. Qf4 h3 22. Ne3 Rae8 23. Bd5 hxg2 24. Bxb7 Qxb7 25. Rd4 Nf6 26. Rad1 Re4 27. Rxe4 Nxe4 28.
Nd5 Nc5 29. Qe3 Ne6 30. Qf3 Rb8 31. Qxg2 Kf8 32. Qh3 Kg8 33. Rd3 Qc6 34. Qg2 Qxc2 35. Nf6+ Kf8 36. Nd7+ Ke7 37. Qe4 Rd8 38. Qh4+ Ke8 39.
Qh8+ Ke7 40. Qh4+ Ke8 41. Qe4 Rxd7 42. Qa8+ Ke7 43. Rxd7+ Kxd7 44. Qxa5 Ke7 45. Qxb4+ Kf6 46. Qh4+ Kg6 47. Qg3+ Kf6 48. Qh4+ Kg6 49. Qg3+ Kf6 50.
Qf3+ Kg6 51. Qg3+ 1/2-1/2

[Event "*** Titled Tuesday Blitz"]
[Site "Chess.com"]
[Date "2021.02.02"]
[Round "7"]
[White "Djager97"]
[Black "HristosBanikas"]
[Result "0-1"]
[WhiteElo "2575"]
[BlackElo "2828"]
[TimeControl "180+1"]
[EndTime "11:19:59 PST"]
[Termination "HristosBanikas won by resignation"]

1. e4 c5 2. Nf3 d6 3. d4 cxd4 4. Nxd4 Nf6 5. Nc3 a6 6. h3 e6 7. g4 Be7 8. g5 Nfd7 9. Be3 b5 10. a3 Bb7 11. Qd2 Nc6 12. h4 O-O 13. O-O-O Nc5 14.
f3 Rb8 15. Nxc6 Bxc6 16. b4 Nd7 17. h5 a5 18. g6 axb4 19. axb4 Ne5 20. h6 fxg6 21.
hxg7 Rf7 22. f4 Nc4 23. Bxc4 bxc4 24. Bd4 Bf6 25. e5 dxe5 26. fxe5 Bg5 27. Be3 Qxd2+ 28. Bxd2 Bxd2+ 29. Kxd2 Bxh1 30. Rxh1 Rxb4 31. Ne4 Kxg7 32.
Kc3 Rb5 33. Ng5 h5 34. Nxe6+ Kh6 35. Re1 Re7 36. Kxc4 Ra5 37. Kb4 Rd5 38. Kc4 Rd2 39. Kc3 Rdd7 40. Nd4 Rd5 41. e6 h4 42. Kd3 h3 43. c4 Rh5 44. Rh1 h2 45. c5 Kg5 46.
c6 Kf4 47. Kc4 Kg3 48. Nb5 Kg2 49. Re1 h1=Q 50. Rxh1 Rxh1 51. c7 Rc1+ 52. Kd5 Rcxc7 0-1

[Event "*** Titled Tuesday Blitz"]
[Site "Chess.com"]
[Date "2021.02.02"]
[Round "7"]
[White "BAS8892"]
[Black "PLAYER_2006_M"]
[Result "1-0"]
[WhiteElo "2736"]
[BlackElo "2540"]
[TimeControl "180+1"]
[EndTime "11:19:59 PST"]
[Termination "BAS8892 won on time"]

1. e4 e6 2. d4 d5 3. Nc3 Nf6 4.
e5 Nfd7 5. f4 c5 6. Nf3 Nc6 7.
Be3 Qb6 8. a3 cxd4 9. Nxd4 Bc5 10. Na4 Qa5+ 11. b4 Qxa4 12. bxc5 Nxc5 13. Bb5 Qa5+ 14. Kf2 Ne4+ 15. Kf3 Bd7 16. Bd3 O-O 17. Qe1 Qa4 18. Nxc6 Bxc6 19. Qb4 Rfc8 20. Rhb1 Nc3 21. Qxa4 Bxa4 22. Rb4 b6 23. Bd4 Bd7 24. a4 a5 25.
Rxb6 Nxa4 26. Rb7 Bc6 27. Rb3 Rab8 28. Rba3 Rb4 29. Ke3 Nb2 30. Ba6 Nc4+ 31. Bxc4 Rxc4 32. c3 a4 33. Rb1 h5 34. g3 Kh7 35. h3 Rc7 36. g4 Rb7 37. Rxb7 Bxb7 38. Ra1 Bc6 39.
f5 hxg4 40. hxg4 Bd7 41. Kf4 Rc8 42. Kg5 Kg8 43. f6 Ra8 44. Bc5 Rc8 45. Bd4 Ra8 46.
Bc5 Rb8 47. Bb4 Rc8 48. Rh1 1-0

[Event "*** Titled Tuesday Blitz"]
[Site "Chess.com"]
[Date "2021.02.02"]
[Round "7"]
[White "Vnebo"]
[Black "gilbert_gm"]
[Result "1-0"]
[WhiteElo "2730"]
[BlackElo "2534"]
[TimeControl "180+1"]
[EndTime "11:19:59 PST"]
[Termination "Vnebo won by resignation"]

1. c4 c6 2. d4 d5 3. Nf3 Nf6 4. Qb3 g6 5. Nc3 Bg7 6. Bf4 O-O 7. e3 a5 8. cxd5 Nxd5 9. Nxd5 cxd5 10. Bb5 a4 11. Qb4 Qb6 12. Bxb8 Bd7 13. Be5 Bxb5 14. Bxg7 Kxg7 15. Rc1 Rfc8 16. Kd2 Qa6 17. Qxe7 Qa5+ 18. Rc3 a3 19. Qxa3 Rxc3 20. Qxc3 Qxa2 21. Rc1 Bc4 22.
Ne5 b5 23. Nc6 Qa6 24. Nb4 Qd6 25. b3 Qxh2 26. bxc4 Qxg2 27. Ke2 Qg4+ 28. Ke1 Qg1+ 29. Ke2 Qg4+ 30. Kd2 Qg2 31. c5 Qxf2+ 32. Kd1 Qf1+ 33. Kc2 Qf2+ 34. Kb3 Ra4 35. c6 Ra8 36. c7 Rc8 37. Nxd5 h5 38. Ne7 Rxc7 39. Qxc7 Qxe3+ 40. Rc3 Qe6+ 41.
d5 Qe1 42. Kb4 Qb1+ 43. Rb3 Qe4+ 44. Kxb5 h4 45. Qc3+ Kf8 46. Qe3 Qc2 47. Nc6 h3 48.
Qxh3 Kg7 49. Qc3+ 1-0

[Event "*** Titled Tuesday Blitz"]
[Site "Chess.com"]
[Date "2021.02.02"]
[Round "7"]
[White "mbojan"]
[Black "karinachess1"]
[Result "1-0"]
[WhiteElo "2658"]
[BlackElo "2476"]
[TimeControl "180+1"]
[EndTime "11:19:59 PST"]
[Termination "mbojan won by resignation"]

1. Nf3 Nf6 2. g3 g6 3. Bg2 Bg7 4. O-O O-O 5. b3 d6 6. d4 c5 7. c4 d5 8. cxd5 Nxd5 9. Bb2 Nc6 10. Na3 Bg4 11. Nc2 Rc8 12. Ne5 Nxe5 13. dxe5 Be6 14. Rc1 b6 15. e3 Qd7 16. Qe2 Rfd8 17. Rfd1 Qc7 18. a3 Bxe5 19. Nd4 Qb8 20. Nxe6 fxe6 21.
Bh3 Rc6 22. e4 Bxb2 23. exd5 Bxc1 24. dxc6 Bg5 25. Bxe6+ Kg7 26. Bd7 Bf6 27. h4 Qc7 28.
Kg2 a5 29. a4 Qe5 30. Qf3 h6 31. Rd3 Rf8 32. Re3 Qd6 33. Re6 Qc7 34. Qe2 Qd8 35. Qe4 Rf7 36. Qe2 Qc7 37. Re4 Rf8 38. Rg4 g5 39. h5 Qd6 40. Re4 Qd5 41. Qf3 e5 42. Re3 Qd6 43. Qe4 Qe7 44. Qg6+ Kh8 45. Qxh6+ Qh7 46. Qxf8+ Qg8 47. Qxf6+ Qg7 48. Qxg7+ Kxg7 49. c7 Kf6 50. c8=Q 1-0

[Event "*** Titled Tuesday Blitz"]
[Site "Chess.com"]
[Date "2021.02.02"]
[Round "7"]
[White "Abdimalik_Abdisalimov"]
[Black "HouseOfDurin"]
[Result "0-1"]
[WhiteElo "2297"]
[BlackElo "2114"]
[TimeControl "180+1"]
[EndTime "11:19:59 PST"]
[Termination "HouseOfDurin won by checkmate"]

1. d4 Nf6 2. c4 c5 3. d5 b5 4. cxb5 a6 5. bxa6 Bxa6 6. Nc3 d6 7. e4 Bxf1 8. Kxf1 Nbd7 9. Nf3 g6 10. g3 Bg7 11. Kg2 O-O 12. h3 Qa5 13. a4 Qb4 14.
Qe2 Rfb8 15. Bd2 Ne8 16. Rhb1 Ne5 17. Nxe5 Bxe5 18. Ra3 Bxc3 19. Bxc3 Qxa3 20. bxa3 Rxb1 21. a5 Rb3 22. Qc2 Rxa3 23. Qb2 Ra4 24. f3 R4xa5 25. Bxa5 Rxa5 26. g4 Ra7 27. Qb8 Ra2+ 28. Kg3 Kf8 29.
h4 h6 30. Qc8 Ra7 31. Kf4 Rc7 32. Qb8 c4 33. Qb2 c3 34. Qc2 Nf6 35. g5 hxg5+ 36. hxg5 Nd7 37. Ke3 Ne5 38. f4 Nd7 39. Kd4 Rc5 40.
Qh2 Kg7 41. Qh6+ Kg8 42. f5 c2 43. fxg6 fxg6 44. Qxg6+ Kf8 45. Qf5+ Ke8 46. Qg6+ Kd8 47. Qg8+ Kc7 48. Qa8 c1=Q 49. Qa7+ Kc8 50. Qa8+ Nb8 51. Qa4 Qc3# 0-1

[Event "*** Titled Tuesday Blitz"]
[Site "Chess.com"]
[Date "2021.02.02"]
[Round "7"]
[White "FlySooHigh"]
[Black "ChampStan"]
[Result "1-0"]
[WhiteElo "2610"]
[BlackElo "2176"]
[TimeControl "180+1"]
[EndTime "11:20:00 PST"]
[Termination "FlySooHigh won on time"]

1. e4 e5 2. Nf3 Nc6 3. Bc4 Bc5 4. c3 Nf6 5. d3 d6 6. Bb3 a6 7.
O-O O-O 8. Nbd2 Ba7 9. h3 Nh5 10. Nc4 Qf6 11. Ne3 Nf4 12. Nd5 Nxd5 13. Bxd5 h6 14.
Bxc6 bxc6 15. d4 Qg6 16. Kh2 Qxe4 17. dxe5 Be6 18. exd6 cxd6 19. Re1 Qf5 20. Be3 Bxe3 21. Rxe3 Bd5 22. b3 Rae8 23. Qd2 Qf4+ 24. g3 Qf6 25. Ne1 h5 26. Rd1 h4 27. c4 hxg3+ 28. fxg3 Be6 29. Qe2 Rd8 30. Rd2 Qh6 31. h4 d5 32. cxd5 Bxd5 33. Ng2 a5 34. Nf4 Qf6 35. Nxd5 cxd5 36. Red3 d4 37. Qg4 Rfe8 38. Qf3 Qe5 39.
Qf4 Qc5 40. Qf3 Qe5 41. Qf4 Qe1 42. Qf2 Qe5 43. Rxd4 Rxd4 44. Qxd4 Qe1 45. Qf2 Qc1 46. Re2 Rd8 47. Re7 1-0

[Event "*** Titled Tuesday Blitz"]
[Site "Chess.com"]
[Date "2021.02.02"]
[Round "7"]
[White "Isajevsky_Anton"]
[Black "Gusarov91"]
[Result "1-0"]
[WhiteElo "2533"]
[BlackElo "1256"]
[TimeControl "180+1"]
[EndTime "11:20:00 PST"]
[Termination "Isajevsky_Anton won by resignation"]

1. c4 Nf6 2. Nc3 d5 3. cxd5 Nxd5 4. Nf3 g6 5. Qb3 c6 6. e4 Nxc3 7. Qxc3 f6 8. d4 Bg7 9. Bc4 Bg4 10. Be3 Nd7 11.
Bb3 a5 12. a3 a4 13. Ba2 Qa5 14. Rc1 Bxf3 15. gxf3 Qxc3+ 16. Rxc3 f5 17. e5 Nb6 18. Be6 Ra5 19. f4 Nd5 20. Rc5 Rxc5 21. dxc5 Bh6 22. Bxd5 cxd5 23. e6 Bg7 24. Ke2 Rf8 25. Kd3 Kd8 26.
Bd4 Bh6 27. Be5 g5 28. fxg5 Bxg5 29. Rg1 Bf6 30. Kd4 f4 31. Kxd5 f3 32. Rg4 Kc8 33.
Bxf6 Rxf6 34. Rg7 Rf5+ 35. Kd4 Kd8 36. Rxh7 Rf4+ 37. Ke3 Rc4 38. Rh5 Rc2 39. Kxf3 Rxb2 40. Rd5+ Ke8 41. Ke3 Rb3+ 42. Rd3 Rb1 43. Ke4 Rh1 44.
h3 Rc1 45. Kd5 Kd8 46. Rd4 Rc3 47. Rxa4 Rxh3 48. f4 Rh5+ 49. Kd4 Rf5 50. Ra8+ Kc7 51. Re8 Rxf4+ 52. Ke5 Rf1 53. Rxe7+ Kc6 54. Rf7 Re1+ 55.
Kf5 Kxc5 56. Rxb7 Rf1+ 57. Ke5 Re1+ 58. Kf6 Kc6 59. Rd7 Rf1+ 60. Ke7 Rf3 61. a4 Rh3 62. Rd1 Rh7+ 63. Kf6 Rh6+ 64. Kf7 Rh7+ 65. Kg6 Rh2 66. e7 Rg2+ 67. Kf7 Rf2+ 68. Ke8 Kc7 69. Rc1+ Kb7 70. Rc4 Rf5 71. Kd7 Rd5+ 72. Ke6 Rd1 73. e8=Q Re1+ 74. Kf7 Rxe8 75. Kxe8 1-0

[Event "*** Titled Tuesday Blitz"]
[Site "Chess.com"]
[Date "2021.02.02"]
[Round "7"]
[White "OlifantCZ"]
[Black "motivated_bishop"]
[Result "0-1"]
[WhiteElo "2175"]
[BlackElo "2398"]
[TimeControl "180+1"]
[EndTime "11:20:00 PST"]
[Termination "motivated_bishop won on time"]

1. c4 g6 2. g3 Bg7 3. Bg2 c5 4. Nc3 Nc6 5. a3 d6 6. Rb1 Nf6 7. b4 O-O 8. bxc5 dxc5 9. Nf3 Qd7 10. O-O Rb8 11. d3 b6 12. Bf4 Bb7 13. Bxb8 Rxb8 14. Qc2 Rc8 15. e3 Rd8 16. Rfd1 Ng4 17. h3 Nge5 18. Nxe5 Nxe5 19. Ne2 Nf3+ 20. Kh1 Qf5 21. e4 Qh5 22. Nf4 Nd4 23. Nxh5 Nxc2 24. Nxg7 Kxg7 25. Rb2 Nxa3 26. Ra2 Nxc4 27. Rxa7 Bc6 28. Rxe7 Nb2 29. Rd2 Nxd3 30. Kg1 c4 31. Bf1 Bb5 32. Rc7 Ra8 33.
Bxd3 cxd3 34. f3 Ra1+ 35. Kf2 Rb1 36. e5 Kf8 37. Ke3 Re1+ 38. Kf4 Re2 39. Rd1 Ke8 40.
Rc3 Kd7 41. h4 h6 42. g4 Ke6 43. Rc8 Rxe5 44. Re8+ Bxe8 45. Rxd3 g5+ 46. Kg3 Bc6 47.
hxg5 hxg5 48. Rc3 Rc5 49. Re3+ Kf6 50. Rd3 Bd5 51. Ra3 b5 52. Ra6+ Be6 53. Rb6 Ke5 0-1

[Event "*** Titled Tuesday Blitz"]
[Site "Chess.com"]
[Date "2021.02.02"]
[Round "7"]
[White "fridaywins"]
[Black "shaheus"]
[Result "0-1"]
[WhiteElo "2159"]
[BlackElo "2406"]
[TimeControl "180+1"]
[EndTime "11:20:00 PST"]
[Termination "shaheus won by resignation"]

1. e4 c5 2. Nf3 Nc6 3. Bb5 g6 4. Bxc6 bxc6 5. Nc3 Bg7 6. d3 Nh6 7. h3 O-O 8. Be3 f5 9. Bxc5 d6 10. Be3 fxe4 11. dxe4 Qa5 12. Qd2 Nf7 13. Bd4 e5 14. Be3 Be6 15. Nd1 Qc7 16. Ng5 Nxg5 17. Bxg5 d5 18. O-O d4 19. b3 c5 20. c4 Rf7 21. Nb2 Qd7 22. f3 Raf8 23. Nd3 Qd6 24.
b4 Bxc4 25. bxc5 Qe6 26. Rfc1 Bf6 27. Bxf6 Rxf6 28. Nf2 a6 29. Ng4 Rf4 30. Qb4 Bb5 31. c6 Rc8 32. c7 Rf7 33. Qc5 Qe7 34. Qxe5 Qxe5 35. Nxe5 Rfxc7 36. Rxc7 Rxc7 37. f4 d3 38. Nf3 Rc2 39. Rd1 Rxa2 40. Rd2 Rxd2 41. Nxd2 a5 42. Kf2 a4 43. Ke3 a3 44. Nb3 a2 45. Na1 Kf7 46. g4 Ke6 47. h4 Kd6 48. h5 gxh5 49. gxh5 Kc5 50. f5 Kc4 51. f6 Be8 52. h6 Bf7 53. e5 Kc3 0-1

[Event "*** Titled Tuesday Blitz"]
[Site "Chess.com"]
[Date "2021.02.02"]
[Round "7"]
[White "FontVella8"]
[Black "ChessLover0108"]
[Result "0-1"]
[WhiteElo "2585"]
[BlackElo "2841"]
[TimeControl "180+1"]
[EndTime "11:20:01 PST"]
[Termination "ChessLover0108 won by resignation"]

1. e4 c5 2. Nf3 d6 3. d4 cxd4 4. Nxd4 Nf6 5. f3 a6 6. c4 Nbd7 7. Nc3 e6 8. Be3 b6 9. Qd2 Bb7 10. Be2 Be7 11. O-O O-O 12. Rac1 Rc8 13. Rfd1 Qc7 14. b4 Qb8 15. a3 Rfe8 16. Kh1 Bf8 17. Bf1 h6 18. Nb3 Ne5 19. Na4 b5 20. cxb5 axb5 21. Bxb5 Red8 22. Rxc8 Rxc8 23. Nb6 Rc7 24. Na5 d5 25. Nxb7 Rxb7 26. Qd4 dxe4 27. Ba6 Ra7 28. Nc4 Rxa6 29. Nxe5 exf3 30. gxf3 Rxa3 31. Rb1 Nd5 32. Bc1 Ra2 33. b5 Bc5 34. Qc4 Qxe5 35. Qxa2 Qe1+ 36. Kg2 Nc3 37. Qc2 Qg1+ 38. Kh3 Nxb1 39. Qxb1 Qf1+ 40. Kg4 f5+ 41. Kf4 Bd6+ 42. Ke3 Qe1+ 43. Kd3 Bf4 44. b6 Qxc1 45. Qb3 Qe3+ 46. Kc4 Qxb3+ 47.
Kxb3 Kf7 48. Kc4 Bxh2 49. b7 Bb8 50. Kc5 g5 51. Kc6 Ke7 52. f4 g4 0-1

[Event "*** Titled Tuesday Blitz"]
[Site "Chess.com"]
[Date "2021.02.02"]
[Round "7"]
[White "1977Ivan"]
[Black "arctic_t00"]
[Result "0-1"]
[WhiteElo "2695"]
[BlackElo "2544"]
[TimeControl "180+1"]
[EndTime "11:20:01 PST"]
[Termination "arctic_t00 won by checkmate"]

1. c4 g6 2. Nc3 Bg7 3. d4 d6 4. e4 Nf6 5. Nf3 O-O 6. Be2 e5 7. O-O Na6 8. Rb1 Re8 9. dxe5 dxe5 10. b4 Bg4 11. c5 c6 12. Be3 Nc7 13. Nd2 Bxe2 14.
Qxe2 Ne6 15. Nc4 Nd4 16. Qd1 Qe7 17. Rb2 Rad8 18. Rd2 Qe6 19. Nd6 Re7 20. Ne2 Nxe2+ 21. Qxe2 Red7 22. Rfd1 Bf8 23. Nxb7 Rxd2 24. Rxd2 Rxd2 25.
Qxd2 Nxe4 26. Qc2 Nf6 27. Na5 Nd5 28. a3 f5 29. Bc1 e4 30. Nc4 f4 31. Kf1 Bg7 32.
h3 h5 33. Bb2 f3 34. Bxg7 Kxg7 35. Qb2+ Kh7 36. Qe5 fxg2+ 37. Kxg2 Qf7 38. Qg3 Nf4+ 39.
Kh2 Qxc4 40. Qxf4 Qe2 41. Qf7+ Kh6 42. Qf4+ Kh7 43. Kg3 Qd3+ 44. Qf3 exf3 45. Kf4 Qf5+ 46. Ke3 Kg7 47. Kd4 Kf6 48. b5 Qd5+ 49. Kc3 cxb5 50.
Kb4 Qc6 51. Ka5 Ke5 52. a4 Qxc5 53. axb5 Qxf2 54. Ka6 Qa2+ 55. Kb7 f2 56. b6 f1=Q 57. bxa7 Qff7+ 58. Kc8 Qaxa7 59. Kd8 Qfd7# 0-1

[Event "*** Titled Tuesday Blitz"]
[Site "Chess.com"]
[Date "2021.02.02"]
[Round "7"]
[White "PattyCastillo"]
[Black "WiktoriaPOL"]
[Result "0-1"]
[WhiteElo "2031"]
[BlackElo "1997"]
[TimeControl "180+1"]
[EndTime "11:20:01 PST"]
[Termination "WiktoriaPOL won by checkmate"]

1. d4 d5 2. Nf3 Nf6 3. e3 e6 4.
Bd3 c5 5. b3 Nc6 6. Bb2 Be7 7.
O-O O-O 8. Nbd2 b6 9. Ne5 Bb7 10. f4 Rc8 11. a3 a6 12. Qe2 b5 13. c4 bxc4 14. bxc4 cxd4 15. exd4 dxc4 16. Ndxc4 Nxd4 17. Qe3 Qd5 18. Rf2 Bc5 19. Qh3 Nf5 20. Rf1 Nh4 21.
Ng4 Nxg4 22. Qxg4 g6 23. Ne5 Nxg2 24. f5 Nh4 25. Be4 Qxe4 26. Qxe4 Bxe4 27. f6 Bxf2+ 28. Rxf2 Rc2 29. Bd4 Rxf2 30. Bxf2 Nf3+ 31. Nxf3 Bxf3 32.
Kf1 Rc8 33. Bb6 Be4 34. Kf2 Rc3 35. a4 Rf3+ 36. Ke2 Rxf6 37. a5 Bd5 38. Ke3 Rf1 39. Kd4 Rh1 40. Bc7 Rc1 41. Bb6 Rc2 42. Ke5 Rxh2 43.
Kf6 Rc2 44. Bd8 h5 45. Bb6 h4 46. Kg5 h3 47. Bg1 h2 48. Bxh2 Rxh2 49. Kf6 Rf2+ 50.
Ke7 g5 51. Kd6 g4 52. Kc7 g3 53. Kb6 g2 54. Kxa6 g1=Q 55. Kb6 Rb2+ 56. Kc7 Qc5+ 57. Kd7 Rb7+ 58. Ke8 Qc8# 0-1

[Event "*** Titled Tuesday Blitz"]
[Site "Chess.com"]
[Date "2021.02.02"]
[Round "7"]
[White "Tenamu"]
[Black "FGHSMN"]
[Result "0-1"]
[WhiteElo "2407"]
[BlackElo "2640"]
[TimeControl "180+1"]
[EndTime "11:20:02 PST"]
[Termination "FGHSMN won by checkmate"]

1. d4 Nf6 2. Nc3 d5 3. Bf4 c5 4. e3 e6 5. Nb5 Na6 6. c3 Be7 7. Nf3 O-O 8. Be2 Bd7 9. O-O Qb6 10. a4 c4 11. Qc2 Bxb5 12. axb5 Qxb5 13. Nd2 Rac8 14.
Rfb1 h6 15. h3 Rfd8 16. Bg3 Bd6 17. f4 Qc6 18. Ra2 Ne4 19. Nxe4 dxe4 20. Bh4 Rd7 21.
Rba1 Rdc7 22. g4 f5 23. gxf5 exf5 24. Ra5 Be7 25. Bf2 Rf8 26. Kh2 Qd6 27. R5a4 Qe6 28. Rg1 Kh7 29. Ra5 Bd6 30. h4 Rg8 31. h5 g5 32.
hxg6+ Rxg6 33. Rxg6 Qxg6 34. Qd1 Rg7 35. Qf1 Nc7 36. Qh3 b5 37. Rxa7 Nd5 38. Rxg7+ Kxg7 39. Bh5 Qe6 40. Qg3+ Kh7 41. Be2 Nf6 42. Qh4 Be7 43.
Qh3 Kg6 44. Kg2 Ng4 45. Bg1 h5 46. Qg3 h4 47. Qe1 Kg7 48. Kh3 Qg6 49. Qa1 Nxe3 50. Bf2 Qg2# 0-1

[Event "*** Titled Tuesday Blitz"]
[Site "Chess.com"]
[Date "2021.02.02"]
[Round "7"]
[White "NaciSAN"]
[Black "Sokoloco"]
[Result "1-0"]
[WhiteElo "2320"]
[BlackElo "2472"]
[TimeControl "180+1"]
[EndTime "11:20:02 PST"]
[Termination "NaciSAN won by resignation"]

1. e4 g6 2. d4 Bg7 3. c3 d6 4.
Nf3 Nf6 5. Bd3 O-O 6. O-O c5 7. h3 Nc6 8. Be3 b6 9. Nbd2 e5 10. Bb5 Bb7 11. Bxc6 Bxc6 12. d5 Bd7 13. b4 Ne8 14. bxc5 bxc5 15. Rb1 Rb8 16. Qc2 h6 17. Ne1 f5 18. f3 f4 19. Bf2 Rxb1 20. Qxb1 g5 21. Nc4 h5 22. Qb7 g4 23. hxg4 hxg4 24. Bh4 Qxh4 25. Qxd7 g3 26. Qh3 Qg5 27. Nd3 Rf6 28.
Rb1 Rh6 29. Qc8 Qh4 30. Kf1 Qh1+ 31. Ke2 Qxg2+ 32. Kd1 Qxf3+ 33. Kc2 Rh2+ 34. Nd2 Qe2 35. Qxe8+ Kh7 36. Rd1 c4 37. Ne1 Qxe4+ 38. Kc1 Qxd5 39. Qc8 Qf7 40. Qxc4 Qxc4 41. Nxc4 e4 42. Nxd6 Rh1 43.
Nxe4 Be5 44. Nf3 Rxd1+ 45. Kxd1 Kg6 46. Nxe5+ Kf5 47. Nxg3+ fxg3 48. Nf3 Ke4 49. Ke2 Kd5 50. Kd3 Kc5 51. c4 a5 52. a3 a4 53. Kc3 Kc6 54. Kd4 Kd6 55. c5+ Kc6 56. Kc4 Kc7 57. Kb4 Kd7 58.
Kxa4 Kc6 59. Kb4 Kd5 60. Kb5 Ke4 61. Ng1 Ke3 62. c6 Kf2 63. Nh3+ Kg2 64. c7 Kxh3 65.
c8=Q+ Kh2 66. a4 g2 67. Qh8+ Kg3 68. Qg7+ Kf2 69. Qf6+ Kg1 70. Kc4 Kh1 71. Qh4+ Kg1 72. Kd3 Kf1 73. Qf4+ Kg1 74. Ke3 Kh1 75. Qh4+ Kg1 76.
Kf3 1-0

[Event "*** Titled Tuesday Blitz"]
[Site "Chess.com"]
[Date "2021.02.02"]
[Round "7"]
[White "Pliukha_Mikhail"]
[Black "FMKonstantin_Twitch"]
[Result "1-0"]
[WhiteElo "2488"]
[BlackElo "2610"]
[TimeControl "180+1"]
[EndTime "11:20:03 PST"]
[Termination "Pliukha_Mikhail won on time"]

1. e4 d5 2. exd5 Qxd5 3. Nc3 Qe6+ 4. Be2 Qg6 5. Nf3 c6 6. O-O Bh3 7. Nh4 Qg5 8. d4 Qxh4 9. gxh3 Qxh3 10. Bg4 Qh4 11.
Ne4 h5 12. Bc8 Qxe4 13. Bxb7 e6 14. Bxa8 Bd6 15. Qd3 Qg4+ 16. Kh1 Nf6 17. h3 Qh4 18. Qf3 Qxd4 19. Bxc6+ Ke7 20. Ba4 Qxa4 21. Bg5 Qc6 22. Kg2 Qxf3+ 23. Kxf3 Nd7 24. Rad1 Ne5+ 25. Kg2 Rc8 26.
c3 Nc4 27. b3 Ne5 28. c4 Ng6 29. f4 Bb8 30. f5 Ne5 31. fxe6 fxe6 32. Rd2 Nf7 33. Be3 a5 34. a3 a4 35. bxa4 Rxc4 36. a5 Ra4 37. Bc5+ Bd6 38. Bb6 Rxa3 39. Rfd1 Rg3+ 40.
Kf1 Rxh3 41. a6 Ra3 42. a7 Nd5 43. Bf2 Ne5 44. Rb2 Ng4 45. Rb7+ Kf6 46. Bd4+ e5 47.
Ra1 Nde3+ 48. Kg1 Rxa7 49. Bxa7 Nf5 50. Ra6 e4 51. Bb8 Ke5 52. Rb5+ 1-0

[Event "*** Titled Tuesday Blitz"]
[Site "Chess.com"]
[Date "2021.02.02"]
[Round "7"]
[White "Al_Shima"]
[Black "Nozdrachev_Leonid"]
[Result "0-1"]
[WhiteElo "2286"]
[BlackElo "2518"]
[TimeControl "180+1"]
[EndTime "11:20:04 PST"]
[Termination "Nozdrachev_Leonid won on time"]

1. c4 Nf6 2. Nc3 d6 3. g3 g6 4. Bg2 Bg7 5. Nf3 O-O 6. O-O c5 7. d4 cxd4 8. Nxd4 a6 9. b3 e5 10. Nc2 Be6 11. Bxb7 Ra7 12. Bg2 Qc8 13. Ba3 Rd8 14.
Ne3 Nc6 15. Ned5 Bh3 16. Nxf6+ Bxf6 17. Nd5 Bg7 18. e3 e4 19. Rc1 Ne5 20. Bxe4 Bxf1 21. Qxf1 Qg4 22. f3 Qg5 23. f4 Qg4 24. Bg2 Nc6 25. Qd3 h5 26. Rf1 h4 27. Bf3 Qh3 28.
g4 Re8 29. Qe2 Nd4 30. Qg2 Qxg2+ 31. Kxg2 Nc2 32. Bxd6 Rd7 33. Bc5 Kh7 34. Rf2 Ne1+ 35. Kf1 Nd3 36. Bb6 Nxf2 37. Kxf2 f5 38. g5 Rb8 39.
Bd4 a5 40. Nf6+ Bxf6 41. gxf6 Kg8 42. Ke2 Kf8 43. Kd3 Rc8 44. Kc3 a4 45. e4 a3 46. b4 fxe4 47. c5 exf3 48. Be5 Kf7 49. Bd6 Rxd6 50. Kb3 Rxf6 51. Kxa3 Rxf4 0-1